 Dungeon Crawl Stone Soup version 0.27-a0-1502-g47ed6a6988 (webtiles) character file.

Game seed: 15145875255905298987

19 Tocho the Skirmisher (level 2, -3/25 HPs)
             Began as a Palentonga Fighter on July 8, 2021.
             Slain by Sigmund (4 damage)
             ... on level 2 of the Dungeon.
             The game lasted 00:02:29 (1371 turns).

Tocho the Skirmisher (Palentonga Fighter)           Turns: 1371, Time: 00:02:30

Health: -3/25      AC:  6    Str: 19    XL:     2   Next: 55%
Magic:  2/2        EV:  7    Int:  8    God:
Gold:   57         SH:  0    Dex:  9    Spells: 1/1 levels left

rFire    . . .     SeeInvis +   a - +0 war axe
rCold    . . .     Faith    .   (no shield)
rNeg     . . .     Spirit   .   b - +0 scale mail
rPois    .         Reflect  .   (no helmet)
rElec    .         Harm     .   (no cloak)
rCorr    .         Rampage  .   (no gloves)
Will     .....                  (no barding)
Stlth    ..........             (no amulet)
HPRegen  0.08/turn              (no ring)
MPRegen  0.08/turn              (no ring)

@: confused, mighty
A: large, rugged brown scales 3, see invisible, deformed body, roll 1, armoured
tail
a: Rolling Charge


You were on level 2 of the Dungeon.
You visited 1 branch of the dungeon, and saw 2 of its levels.

You collected 57 gold pieces.

Inventory:

Hand Weapons
 a - a +0 war axe (weapon)
Armour
 b - a +0 scale mail (worn)
 c - a +0 kite shield
Jewellery
 m - a +4 ring of evasion
Scrolls
 g - a scroll of magic mapping {unknown}
 i - a scroll of blinking {unknown}
 k - a scroll of teleportation {unknown}
 l - a scroll of immolation {unknown}
 n - a scroll of noise {unknown}
Potions
 e - a potion of degeneration {unknown}
 f - a potion of curing {unknown}
 h - a potion of brilliance {unknown}
 j - a potion of cancellation {unknown}


   Skills:
 + Level 3.1 Fighting
 * Level 2.7 Axes
 * Level 2.7 Armour
 - Level 2.4 Shields


You had one spell level left.
You didn't know any spells.
Your spell library was empty.

Dungeon Overview and Level Annotations

Branches:
Dungeon (2/15)

Altars:

Shops:
D:1 (

Annotations:
D:2 Sigmund


Innate Abilities, Weirdness & Mutations

You are completely covered in rugged brown scales. (AC +3, +7% HP)
You have supernaturally acute eyesight. (SInv)
Armour fits poorly on your strangely shaped body.
You can roll at nearby foes to attack.
You have a long armoured tail.


Message History

You kill the kobold!
No target in view!
HP restored.
Things that are here:
a +0 short sword; a kobold corpse Sigmund the Dreaded opens the door.
He is wielding a +0 vorpal scythe and wearing a +2 robe of willpower.
Sigmund shouts!
Sigmund gestures wildly while chanting.
Sigmund flickers and vanishes for a moment.
Things that are here:
a +0 short sword; a kobold corpse
There is an open door here.
Roll where?
Press: ? - help, Dir - move target, f - Sigmund
Aim: Sigmund, wielding a +0 vorpal scythe and wearing a +2 robe of willpower (slightly transparent)
You roll forward with a clatter of scales!
You barely miss Sigmund.
You hear a shout!
Sigmund gestures at you while chanting. You resist with significant effort.
You feel very mighty all of a sudden. Sigmund barely misses you.
You slash Sigmund!
Your tail-slap misses Sigmund.
Sigmund is heavily wounded.
Sigmund hits you with a +0 vorpal scythe.
You barely miss Sigmund.
Sigmund is heavily wounded.
Sigmund hits you with a +0 vorpal scythe! x2
* * * LOW HITPOINT WARNING * * *
x2 You barely miss Sigmund.
Your tail-slap misses Sigmund.
Sigmund is heavily wounded.
Sigmund closely misses you.
You barely miss Sigmund.
Sigmund is heavily wounded.
Sigmund casts a spell at you.
You are confused.
Sigmund barely misses you.
You bump into the rock wall.
Sigmund hits you with a +0 vorpal scythe.
You die...

#......# ... ###.#....## ...
..........######### ...
##.#......†......# #.# #
###..########.# #.# #.###..#
#.# #.# #......# #.# #####.###
#####'## ####.#### ........#
##.@.## #.......# .####†#.#
##..@g.## #.##.##.# .# #.<.#
##....)..###.##.##.#
.####.).####.........##.#.....#
....g......+.........+..<.....#
.###....####.........##.#...#.#
.##..#..# ##.......###.##.##.#
........# ##.....## #. .... #
###.##### ##...## ## ####.


You could see Sigmund (invisible) and a hobgoblin.

Vanquished Creatures
  3 endoplasms (D:1)
  A giant cockroach (D:2)
  A goblin (D:2)
  2 hobgoblins (D:1)
  2 jackals (D:1)
  5 kobolds
  A ball python (D:2)
  A frilled lizard (D:1)
  A rat (D:1)
17 creatures vanquished.

Notes
Turn   | Place    | Note
-------+----------+-------------------------------------------
     0 | D:1      | Tocho the Palentonga Fighter began the quest for the Orb.
     0 | D:1      | Reached XP level 1. HP: 19/19 MP: 1/1
   179 | D:1      | Reached XP level 2. HP: 25/25 MP: 2/2
   245 | D:1      | Found Bykome's Weapon Shop.
  1066 | D:2      | Noticed Sigmund
  1368 | D:2      | HP: 1/25 [Sigmund (2)]
  1371 | D:2      | Slain by Sigmund

Illustrated notes

Levels and vault maps discovered:
D:1:      minmay_arrival_up_and_down, layout_loops_corners, serial_shops, shop,
          minmay_octomino_j4
D:2:      layout_loops_corners, uniq_sigmund

Action                   || total
-------------------------++-------
Melee: War axe           ||    51
       Tailslap          ||     2
 Abil: Rolling Charge    ||    14
  Use: Potion            ||     1
Armor: Scale mail        ||    18
Dodge: Dodged            ||    16

Table legend: (Time is in decaauts)
 A = Elapsed time spent in this place.
 B = Non-inter-level travel time spent in this place.
 C = Inter-level travel time spent in this place.
 D = Time resting spent in this place.
 E = Time spent auto-exploring this place.
 F = Levels seen in this place.
 G = Mean time per level.
                   A        B        C        D        E       F      G
               +--------+--------+--------+--------+--------+-----+--------+
         Total |   1391 |   1350 |     41 |    196 |    993 |   2 |  695.5 |
       Dungeon |   1391 |   1350 |     41 |    196 |    993 |   2 |  695.5 |
               +--------+--------+--------+--------+--------+-----+--------+

Top non-repeatable levels by time:
     D:1: 1230 daAuts
     D:2: 160 daAuts
